 Dungeon Crawl Stone Soup version 0.32-a0-673-g3729bd50f8 (webtiles) character file.

Game seed: 11393910097468254968

483 BeKind the Shield-Bearer (level 7, -7/41 HPs)
             Began as an Octopode Fire Elementalist on Mar 4, 2024.
             Mangled by an orc
             ... wielding a +0 hand axe
              (8 damage)
             ... on level 5 of the Dungeon on Mar 11, 2024.
             The game lasted 00:08:58 (5504 turns).

BeKind the Shield-Bearer (OpFE)                     Turns: 5504, Time: 00:08:59

Health: -7/41      AC:  1    Str:  8    XL:     7   Next: 12%
Magic:  4/11       EV: 14    Int: 19    God:
Gold:   290        SH:  5    Dex: 12    Spells: 9/12 levels left

rFire   . . .        b - +0 club
rCold   . . .        (no shield)
rNeg    + . .        (helmet restricted)
rPois   +            r - amulet of reflection
rElec   .            q - ring of poison resistance
rCorr   .            p - ring of positive energy
SInv    .            (no ring)
Will    .....        (no ring)
Stlth   +++          (no ring)
HPRegen 0.26/turn    (no ring)
MPRegen 0.12/turn    (no ring)
                     (no ring)

%: reflection
@: weak-willed
A: almost no armour, amphibious, 8 rings, camouflage 1, gelatinous body 1,
(nimble swimmer 1), tentacles
a: Convert to Beogh


You were on level 5 of the Dungeon.
You visited 1 branch of the dungeon, and saw 5 of its levels.

You collected 290 gold pieces.

Inventory:

Hand Weapons
 b - a +0 club (weapon)
Armour
 h - a +0 kite shield
Jewellery
 i - an amulet of faith
 p - a ring of positive energy (right tentacle)
 q - a ring of poison resistance (left tentacle)
 r - an amulet of reflection (around mantle)
Wands
 n - a wand of mindburst (6)
Scrolls
 c - a scroll of fog
 d - 8 scrolls of identify {unknown}
 e - a scroll of amnesia
 f - 2 scrolls of fear
Potions
 a - a potion of magic
 g - a potion of lignification {unknown}
 j - a potion of attraction
 k - a potion of berserk rage {unknown}
 m - a potion of might {unknown}
 s - a potion of curing {unknown}
 t - a potion of cancellation {unknown}
 v - 2 potions of resistance {unknown}
 w - a potion of brilliance {unknown}


   Skills:
 + Level 4.1 Dodging
 - Level 2.6 Stealth
 * Level 4.3 Shields
 - Level 3.0 Spellcasting
 - Level 2.1 Conjurations
 - Level 4.0 Fire Magic


You had 9 spell levels left.
You knew the following spells:

 Your Spells              Type           Power      Damage    Failure   Level
a - Foxfire               Conj/Fire      56%        2x1d6     4%          1
b - Scorch                Fire           36%        2d6       4%          2

Your spell library contained the following spells:

 Spells                   Type           Power      Damage    Failure   Level
 Apportation              Tloc           4%         N/A       16%         1
 Inner Flame              Hex/Fire       10%        N/A       21%         3
 Volatile Blastmotes      Fire/Tloc      20%        2d11      21%         3
 Jinxbite                 Hex            4%         N/A       22%         2
 Flame Wave               Conj/Fire      14%        2d6       41%         4
 Alistair's Intoxication  Alch           1%         N/A       99%         5
 Conjure Ball Lightning   Conj/Air       3%         3x3d6     100%        6
 Discord                  Hex            1%         N/A       100%        8
 Disjunction              Tloc           1%         N/A       100%        8


Dungeon Overview and Level Annotations

Branches:
Dungeon (5/15)
 Temple: D:4-7

Altars:
Ashenzari
Dithmenos
Elyvilon
Fedhas
Makhleb
Uskayaw
Wu Jian
Xom

Annotations:
D:4 3 runed translucent doors, dialectric's ghost, amateur TrFi


Innate Abilities, Weirdness & Mutations

You cannot wear most types of armour.
You are amphibious.
You can wear up to eight rings at the same time.
Your skin changes colour to match your surroundings (Stealth+).
Your rubbery body absorbs attacks. (AC +1, EV +1)
((You are camouflaged when in or above water. (Stealth+)))
You have tentacles for arms and can constrict up to eight enemies at once.


Message History

2 orcs come into view.
Found a shadowy altar of Dithmenos.
You conjure some foxfire!
The foxfire hits something. x3
The phantom hits you.
The phantom blinks!
You blink.
The orc priest threatens, "Beogh's wrath is as vast as their mercy.
Make your choice!" (press Y on the ability menu to convert to Beogh)
As you read the scroll labelled CEMUSK HIAGOI, it dissolves into smoke.
It was a scroll of fog.
The foxfire hits the phantom but does no damage.
The phantom is heavily damaged.
The phantom closely misses you.
As you read the scroll labelled SOMEL YSEOTHA, it crumbles to dust.
It is a scroll of amnesia.
Okay, then.
The phantom closely misses you.
As you read the scroll of fog, it dissolves into smoke.
The phantom hits you.
The phantom blinks!
You blink.
Unknown command.
The orc hits you with a +0 hand axe.
As you read the scroll labelled FUECEE SEUXERE, it crumbles to dust.
You assume a fearsome visage.
The phantom is unaffected.
The orc looks frightened!
The orc priest easily resists.
It was a scroll of fear.
The orc priest closely misses you. The phantom hits you.
* * * LOW HITPOINT WARNING * * *
As you read the scroll labelled TOMABB QO VES, it crumbles to dust.
Your attack snaps the orc out of its fear.
A wave of despondency washes over your surroundings.
It was a scroll of vulnerability.
You block the orc priest's attack. The phantom hits you.
* * * LOW HITPOINT WARNING * * *
As you read the scroll labelled WITHYAD HEBOEF, it crumbles to dust.
You feel aware of your surroundings.
It was a scroll of revelation.
The orc misses you. The orc priest barely misses you. The phantom hits you!
* * * LOW HITPOINT WARNING * * *
Found a +0 dagger.
As you read the scroll labelled WUHICO XEDWUFE, it crumbles to dust.
The creatures around you are filled with an inner flame!
It was a scroll of immolation.
The orc hits you with a +0 hand axe!
You die...

##.###.o,#.#.#.#####.###.#.#
### *..)#.##.######.#
#.#.#** **#.##.##.######.#
#.#.#,* *,#..#§##.######.#
#.#,>,, #,##§#§##.######.#
*,*,,,, #.##§§§§§........#
*,*,,,, #..§§§o§§.########
*,***,* ####§#o#o########
*,,,,,* #o##§##@#######
*****,* #.##§§oW§§§..## *,*
#.#####§####.## *,*
##.###§#####.##*******,*
###...######...,,,<,,,,*
###############*********
###############
###############


You could see a phantom (inner flame, weak-willed), an orc priest (inner flame,
weak-willed) and an orc (inner flame, weak-willed).

Vanquished Creatures
  A phantom (D:4)
  A brain worm (D:4)
  A scorpion (D:5)
  2 jellies (D:5)
  A bombardier beetle (D:4)
  A hound (D:5)
  A sleepcap (D:5)
  3 adders
  A shadow imp (D:5)
  2 white imps (D:5)
  5 dart slugs
  2 ribbon worms (D:2)
  2 orcs (D:5)
  5 bats
  9 endoplasms
  3 giant cockroaches
  5 goblins
  7 hobgoblins
  5 quokkas
  11 ball pythons
  2 frilled lizards
  3 kobolds
  5 rats
78 creatures vanquished.

Vanquished Creatures (collateral kills)
  4 foxfires (D:1)
4 creatures vanquished.

Vanquished Creatures (others)
  271 foxfires
271 creatures vanquished.

Grand Total: 353 creatures vanquished

Notes
Turn   | Place    | Note
-------+----------+-------------------------------------------
     0 | D:1      | BeKind the Octopode Fire Elementalist began the quest for
                  | the Orb.
     0 | D:1      | Reached XP level 1. HP: 11/11 MP: 3/3
   171 | D:1      | Reached XP level 2. HP: 17/17 MP: 0/5
   579 | D:1      | Found a faded altar of an unknown god.
   661 | D:1      | Reached XP level 3. HP: 21/21 MP: 6/6
  1815 | D:2      | Reached XP level 4. HP: 27/27 MP: 0/7
  2412 | D:2      | Learned a level 2 spell: Scorch
  2497 | D:3      | Found a broken altar of Ashenzari.
  2687 | D:3      | Found an ornate altar of the Wu Jian Council.
  2730 | D:3      | Found a burning altar of Makhleb.
  2778 | D:3      | Found a white marble altar of Elyvilon.
  2949 | D:3      | Found a blossoming altar of Fedhas.
  3266 | D:4      | Found a shimmering altar of Xom.
  3271 | D:4      | Found a shimmering altar of Xom.
  3271 | D:4      | Noticed a brain worm
  3459 | D:4      | Reached skill level 1 in Shields
  3563 | D:4      | Noticed a phantom
  3581 | D:4      | Killed a phantom
  3582 | D:4      | Reached XP level 5. HP: 7/31 MP: 0/9
  3740 | D:4      | Found a runed translucent gate.
  3740 | D:4      | Found a runed translucent gate.
  3740 | D:4      | Found a runed translucent gate.
  3745 | D:4      | Noticed dialectric's ghost (amateur TrFi)
  3901 | D:4      | HP: 1/31 [brain worm/psychic fangs (12)]
  3907 | D:4      | Reached XP level 6. HP: 32/36 MP: 1/10
  4311 | D:4      | Found a hide-covered altar of Uskayaw.
  4630 | D:5      | Entered Level 5 of the Dungeon
  5170 | D:5      | Upgraded the game from 0.32-a0-607-g64ea0e4219 to
                  | 0.32-a0-673-g3729bd50f8
  5253 | D:5      | Reached XP level 7. HP: 12/41 MP: 7/11
  5495 | D:5      | Found a shadowy altar of Dithmenos.
  5503 | D:5      | HP: 1/41 [phantom (7)]
  5504 | D:5      | Mangled by an orc

Illustrated notes

Levels and vault maps discovered:
D:1:      orjb1_clovarrival, layout_loops_ring,
          shapermc_ecumenical_altar_flowoftime
D:2:      layout_rooms
D:3:      layout_loops_ring, evilmike_ruin_ashenzari, lemuel_tele_altar,
          mainiacjoe_overflow_paths, mainiacjoe_overflow_large_starburst
D:4:      nicolae_cairo_tiling, layout_basic,
          nicolae_uskayaw_murder_on_the_dancefloor, xom_redecorated,
          gammafunk_ghost_necromancy, minmay_hedge_maze
D:5:      layout_loops_ring, grunt_dithmenos_shadows

Skill      XL: |  1  2  3  4  5  6 |
---------------+-------------------+-----
Conjurations   | 2 |  2.1
Shields        | 1 2 4 |  4.3
Dodging        | 3 4 |  4.1
Spellcasting   | 3 |  3.0
Fire Magic     | 4 |  4.0
Stealth        | |  2.6

Action                     |  1- 3 |  4- 6 |  7- 9 || total
---------------------------+-------+-------+-------++-------
  Melee: Unarmed           |     4 |       |       ||     4
         Constrict         |    12 |     6 |     1 ||    19
         Tentacles         |     5 |     6 |     1 ||    12
         Club              |    24 |    28 |     2 ||    54
   Cast: Foxfire           |    72 |    96 |    16 ||   184
         Scorch            |       |    17 |       ||    17
    Use: Potion            |       |     2 |       ||     2
         Scroll            |       |       |     7 ||     7
   Stab: Sleeping          |     3 |     1 |       ||     4
 Armour: Skin              |    22 |    20 |    15 ||    57
  Dodge: Dodged            |    24 |    28 |    10 ||    62
  Block: Other             |       |    11 |     3 ||    14
         Reflection        |       |       |     1 ||     1

Table legend: (Time is in decaauts)
 A = Elapsed time spent in this place.
 B = Non-inter-level travel time spent in this place.
 C = Inter-level travel time spent in this place.
 D = Time resting spent in this place.
 E = Time spent auto-exploring this place.
 F = Levels seen in this place.
 G = Mean time per level.
                   A        B        C        D        E       F      G
               +--------+--------+--------+--------+--------+-----+--------+
         Total |   5519 |   5327 |    192 |    404 |   4347 |   5 | 1103.8 |
       Dungeon |   5519 |   5327 |    192 |    404 |   4347 |   5 | 1103.8 |
               +--------+--------+--------+--------+--------+-----+--------+

Top non-repeatable levels by time:
     D:1: 1668 daAuts
     D:4: 1367 daAuts
     D:5: 876 daAuts
     D:3: 837 daAuts
     D:2: 769 daAuts
